 Dungeon Sprint DCSS version 0.28-a0-429-g1448048969 (webtiles) character file.

Game seed: 15808365257405821847

112 dolemite99 the Martial Artist (level 4, -5/35 HPs)
             Began as a Demonspawn Monk on Sept 12, 2021.
             Slain by Sigmund (14 damage)
             ... in the Dungeon (Sprint I: "Red Sonja").
             The game lasted 00:00:40 (496 turns).

dolemite99 the Martial Artist (Demonspawn Monk)      Turns: 496, Time: 00:00:41

Health: -5/35      AC:  2    Str: 12    XL:     4   Next: 64%
Magic:  4/4        EV: 12    Int: 12    God:
Gold:   54         SH:  0    Dex: 15    Spells: 3/3 levels left

rFire   . . .      SeeInvis .     - Unarmed
rCold   . . .      Faith    .   (no shield)
rNeg    . . .      Spirit   .   a - +0 robe
rPois   .          Reflect  .   (helmet restricted)
rElec   .          Harm     .   (no cloak)
rCorr   .          Rampage  .   (no gloves)
Will    .....      NoTele   +   (no boots)
Stlth   +.........              (no amulet)
HPRegen 0.11/turn               (no ring)
MPRegen 0.09/turn               (no ring)

@: confused
A: antennae 1, large bone plates 1, demonic guardian 1
a: no special abilities


You were in the Dungeon.
You visited 1 branch You collected 54 gold pieces.

Inventory:

Armour
 a - a +0 robe (worn)
Scrolls
 g - a scroll of blinking
Potions
 e - 2 potions of magic
 f - a potion of mutation {unknown}


   Skills:
 - Level 3.0 Fighting
 - Level 2.6 Dodging
 - Level 1.7 Stealth
 + Level 9.0 Unarmed Combat


You had 3 spell levels left.
You didn't know any spells.
Your spell library was empty.

Dungeon Overview and Level Annotations

Branches:
Dungeon (1/1)

Altars:

Annotations:
D Sigmund


Innate Abilities, Weirdness & Mutations

You have a pair of small antennae on your head.
You are partially covered in large bone plates. (SH +4)
A weak demonic guardian rushes to your aid.


Message History

Sigmund barely misses you.
You hit Sigmund.
Sigmund is lightly wounded.
Sigmund laughs darkly.
Sigmund hits you with a +1 scythe of distortion!
A demonic guardian appears!
Space bends around you.
You barely miss Sigmund.
Sigmund is lightly wounded.
You hit Sigmund but do no damage.
Sigmund is lightly wounded.
Sigmund closely misses you.
Your shadow imp misses Sigmund.
Sigmund gestures wildly while chanting.
Sigmund flickers and vanishes!
Deactivating autopickup; reactivate with Ctrl-A.
There is an open door here.
Your shadow imp hits something but does no damage.
Something barely misses your shadow imp.
There is an open door here.
Your shadow imp hits something but does no damage.
There is an open door here.
Your shadow imp barely misses something.
A magic dart appears from out of thin air!
The magic dart hits your shadow imp!
Your shadow imp gestures at something.
Something writhes in agony.
A magic dart appears from out of thin air!
The magic dart hits your shadow imp!
Your shadow imp dies!
Your shadow imp disappears in a puff of smoke!
There is an open door here.
There is a fountain of clear blue water here.
You hear some strange, mumbled words.
You are confused.
Something hits you. Something hits you.
A demonic guardian appears!
You're too confused to move!
Something hits you.
* * * LOW HITPOINT WARNING * * *
Space warps horribly around you!
You die...

#############
#<.#..'..#..+
#5.{).#.)'{.#
#..#####'####
#.@# #..#
#..# ####
#..# #⌠⌠#
####


You could see a friendly iron imp (summoned).

Vanquished Creatures
  An ogre (D)
  Ijyb (D)
2 creatures vanquished.

Notes
Turn   | Place    | Note
-------+----------+-------------------------------------------
     0 | D        | dolemite99 the Demonspawn Monk began the quest for the Orb.
     0 | D        | Reached XP level 1. HP: 18/18 MP: 1/1
     1 | D        | Noticed Ijyb
    11 | D        | Killed Ijyb
    12 | D        | Reached skill level 5 in Unarmed Combat
    12 | D        | Gained mutation: You are partially covered in large bone
                  | plates. (SH +4) [demonic ancestry]
    12 | D        | Reached XP level 2. HP: 24/24 MP: 2/2
    59 | D        | Noticed an ogre
    74 | D        | Killed an ogre
    75 | D        | Reached skill level 9 in Unarmed Combat
    75 | D        | Gained mutation: You have a pair of small antennae on your
                  | head. [demonic ancestry]
    75 | D        | Reached XP level 3. HP: 12/29 MP: 3/3
    75 | D        | Gained mutation: A weak demonic guardian rushes to your
                  | aid. [demonic ancestry]
    75 | D        | Reached XP level 4. HP: 15/35 MP: 4/4
   473 | D        | Noticed Sigmund
   496 | D        | Slain by Sigmund

Illustrated notes

Levels and vault maps discovered:
D:        dungeon_sprint_1 [red_sonja_temple_1, red_sonja_temple_small_1]

Skill      XL: |  1  2 |
---------------+-------+-----
Unarmed Combat | 5 9 |  9.0
Fighting       | |  3.0
Dodging        | |  2.6
Stealth        | |  1.7

Action                   |  1- 3 |  4- 6 || total
-------------------------+-------+-------++-------
Melee: Unarmed           |    19 |     3 ||    22
  Use: Potion            |     4 |       ||     4
Armor: Robe              |     1 |       ||     1
Dodge: Dodged            |     5 |     2 ||     7
Block: Other             |     1 |       ||     1

Table legend: (Time is in decaauts)
 A = Elapsed time spent in this place.
 B = Non-inter-level travel time spent in this place.
 C = Inter-level travel time spent in this place.
 D = Time resting spent in this place.
 E = Time spent auto-exploring this place.
 F = Levels seen in this place.
 G = Mean time per level.
                   A        B        C        D        E       F      G
               +--------+--------+--------+--------+--------+-----+--------+
         Total |    486 |    486 |      0 |    431 |      0 |   1 |  486.0 |
       Dungeon |    486 |    486 |      0 |    431 |      0 |   1 |  486.0 |
               +--------+--------+--------+--------+--------+-----+--------+

Top non-repeatable levels by time:
       D: 486 daAuts
